 Dungeon Crawl Stone Soup version 0.31-a0-236-g9a0961fb85 (webtiles) character file.

Game seed: 10601140705089575191

123 Arzdou the Slasher (level 5, -5/47 HPs)
             Began as a Gnoll Cinder Acolyte on July 10, 2023.
             Was an Elder of Ignis.
             Killed by nerve-wracking pain
             ... invoked by an orc priest
              (12 damage)
             ... on level 3 of the Dungeon.
             The game lasted 00:03:13 (1707 turns).

Arzdou the Slasher (Gnoll Cinder Acolyte)           Turns: 1707, Time: 00:03:14

Health: -5/47      AC:  5    Str: 13    XL:     5   Next: 7%
Magic:  2/9        EV: 11    Int: 15    God:    Ignis [****..]
Gold:   40         SH:  0    Dex:  8    Spells: 8/10 levels left

rFire   + . .        a - -1 falchion (flame)
rCold   . . .        (no shield)
rNeg    . . .        j - +0 leather armour
rPois   .            c - +1 helmet
rElec   .            (no cloak)
rCorr   .            (no gloves)
SInv    .            (no boots)
Will    .....        (no amulet)
Stlth   +            (no ring)
HPRegen 0.27/turn    (no ring)
MPRegen 0.11/turn

%: no passive effects
@: no status effects
A: fangs 1, strong nose, distributed training
a: Renounce Religion, Fiery Armour, Foxfire Swarm, Rising Flame


You were on level 3 of the Dungeon.
You worshipped Ignis.
Ignis was greatly pleased with you.
You visited 1 branch of the dungeon, and saw 5 of its levels.

You collected 40 gold pieces.

Inventory:

Hand Weapons
 a - a -1 falchion of flaming (weapon)
Armour
 b - a +0 robe
 c - a +1 helmet (worn)
 j - a +0 leather armour (worn)
Scrolls
 d - 2 scrolls of identify {unknown}
 g - a scroll of revelation {unknown}
 h - 2 scrolls of silence {unknown}
Potions
 e - 2 potions of curing {unknown}
 f - 2 potions of might {unknown}
 i - a potion of invisibility {unknown}


   Skills:
 + Level 6.6 Fighting
 + Level 1.4 Short Blades
 + Level 6.6 Long Blades
 + Level 1.4 Axes
 + Level 1.4 Maces & Flails
 + Level 1.4 Polearms
 + Level 1.4 Staves
 + Level 1.4 Ranged Weapons
 + Level 1.4 Throwing
 + Level 1.4 Armour
 + Level 1.4 Dodging
 + Level 1.4 Stealth
 + Level 1.4 Shields
 + Level 1.4 Unarmed Combat
 + Level 3.1 Spellcasting
 + Level 1.1 Conjurations
 + Level 1.1 Hexes
 + Level 1.1 Summonings
 + Level 1.1 Necromancy
 + Level 1.1 Translocations
 + Level 1.1 Transmutations
 + Level 5.5 Fire Magic
 + Level 1.1 Ice Magic
 + Level 1.1 Air Magic
 + Level 1.1 Earth Magic
 + Level 1.1 Poison Magic
 + Level 1.5 Invocations
 + Level 1.4 Evocations


You had 8 spell levels left.
You knew the following spells:

 Your Spells              Type           Power      Damage    Failure   Level
a - Scorch                Fire           36%        2d6       4%          2

Your spell library contained the following spells:

 Spells                   Type           Power      Damage    Failure   Level
 Apportation              Tloc           10%        N/A       16%         1
 Alistair's Intoxication  Tmut/Pois      3%         N/A       99%         5


Dungeon Overview and Level Annotations

Branches:
Dungeon (5/15)
 Temple: D:4-7

Altars:


Innate Abilities, Weirdness & Mutations

You have very sharp teeth.
Your uncanny sense of smell can sniff out nearby items.
Your experience applies equally to all skills.


Message History

The orc priest mumbles some strange prayers to Beogh against you.
Pain shoots through your body!
You hit the orc priest. You burn the orc priest.
The orc priest is moderately wounded.
The orc priest hits you with a +0 mace!
You closely miss the orc priest. Your bite misses the orc priest.
The orc priest is moderately wounded.
The orc priest barely misses you.
You closely miss the orc priest.
The orc priest is moderately wounded.
The orc priest barely misses you.
You closely miss the orc priest.
The orc priest is moderately wounded.
The orc priest invokes the aid of Beogh against you.
Pain shoots through your body!
You closely miss the orc priest.
You bite the orc priest, but do no damage.
The orc priest is moderately wounded.
The orc priest mumbles some strange prayers to Beogh against you.
Pain shoots through your body!
You barely miss the orc priest.
The orc priest is moderately wounded.
The orc priest calls down the wrath of Beogh upon you.
Beogh smites you!
* * * LOW HITPOINT WARNING * * *
You hit the orc priest. You burn the orc priest.
The orc priest is moderately wounded.
The orc priest hits you with a +0 mace.
* * * LOW HITPOINT WARNING * * *
Activating: Foxfire Swarm
Press: ? - help, Dir - look around, f - activate
Okay, then.
The orc priest attacks as you move away!
The orc priest closely misses you.
Activating: Foxfire Swarm
Press: ? - help, Dir - look around, f - activate Flames leap up around you!
The orc priest invokes the aid of Beogh against you.
Pain shoots through your body!
You die...

# ####### # #.....# ####
######.....#
...####..........#
##....#..........# ∆
#####)#.......vvv#####...
# #.........vvvoKb.....
###.......vv@#####...
#.......vvv# #...########
∆ #...# #...# #...# ...#
∆


You could see an orc priest (ally target), a bat and a kobold.

Vanquished Creatures
  An orc priest (D:3)
  3 gnolls (D:4)
  An adder (D:4)
  2 dart slugs (D:1)
  An orc (D:3)
  5 ball pythons
  2 endoplasms
  8 goblins
  9 hobgoblins
  5 bats
  5 frilled lizards
  4 kobolds (D:1)
  A rat (D:1)
47 creatures vanquished.

Vanquished Creatures (others)
  3 foxfires (D:4)
3 creatures vanquished.

Grand Total: 50 creatures vanquished

Notes
Turn   | Place    | Note
-------+----------+-------------------------------------------
     0 | D:1      | Arzdou the Gnoll Cinder Acolyte began the quest for the
                  | Orb.
     0 | D:1      | Reached XP level 1. HP: 23/23 MP: 4/4
   194 | D:1      | Reached XP level 2. HP: 27/29 MP: 5/5
   516 | D:1      | Learned a level 2 spell: Scorch
   535 | D:1      | Reached XP level 3. HP: 28/35 MP: 0/7
   603 | D:1      | Found a faded altar of an unknown god.
   765 | D:1      | Reached skill level 1 in Invocations
  1207 | D:2      | You fall into a shaft and drop 2 floors!
  1246 | D:4      | Reached skill level 1 in Short Blades
  1246 | D:4      | Reached skill level 1 in Axes
  1246 | D:4      | Reached skill level 1 in Maces & Flails
  1246 | D:4      | Reached skill level 1 in Polearms
  1246 | D:4      | Reached skill level 1 in Staves
  1246 | D:4      | Reached skill level 1 in Ranged Weapons
  1246 | D:4      | Reached skill level 1 in Throwing
  1246 | D:4      | Reached skill level 1 in Armour
  1246 | D:4      | Reached skill level 1 in Dodging
  1246 | D:4      | Reached skill level 1 in Stealth
  1246 | D:4      | Reached skill level 1 in Shields
  1246 | D:4      | Reached skill level 1 in Unarmed Combat
  1246 | D:4      | Reached skill level 1 in Evocations
  1262 | D:5      | Entered Level 5 of the Dungeon
  1262 | D:5      | Noticed an ogre
  1278 | D:4      | Reached XP level 4. HP: 17/41 MP: 4/8
  1283 | D:4      | Reached skill level 1 in Conjurations
  1283 | D:4      | Reached skill level 1 in Hexes
  1283 | D:4      | Reached skill level 1 in Summonings
  1283 | D:4      | Reached skill level 1 in Necromancy
  1283 | D:4      | Reached skill level 1 in Translocations
  1283 | D:4      | Reached skill level 1 in Transmutations
  1283 | D:4      | Reached skill level 1 in Ice Magic
  1283 | D:4      | Reached skill level 1 in Air Magic
  1283 | D:4      | Reached skill level 1 in Earth Magic
  1283 | D:4      | Reached skill level 1 in Poison Magic
  1696 | D:3      | Reached XP level 5. HP: 43/47 MP: 1/9
  1707 | D:3      | Killed from afar by an orc priest

Illustrated notes

Levels and vault maps discovered:
D:1:      lemuel_arrival_broad_hall, layout_basic,
          shapermc_ecumenical_altar_starsandcircs, grunt_decor_mini_mirrors,
          moated_statue
D:2:      layout_basic, serial_shops, shop, uniq_crazy_yiuf_cottage
D:3:      layout_basic, nicolae_qazlal_style_of_elements, serial_rivers,
          chequers_serial_rivers_marsh, chequers_serial_rivers_room_b,
          chequers_serial_rivers_marsh, chequers_serial_rivers_marsh,
          chequers_serial_rivers_micro_a, minmay_snake_closets
D:4:      layout_basic, minivault_25
D:5:      layout_rooms, minmay_temple_entry_statues_fountains,
          pf_guarded_unrand_delatra, uniq_blork_the_orc, uniq_ijyb

Skill      XL: |  1  2  3  4 |
---------------+-------------+-----
Invocations    | 1 |  1.5
Short Blades   | 1 |  1.4
Axes           | 1 |  1.4
Maces & Flails | 1 |  1.4
Polearms       | 1 |  1.4
Staves         | 1 |  1.4
Ranged Weapons | 1 |  1.4
Throwing       | 1 |  1.4
Armour         | 1 |  1.4
Dodging        | 1 |  1.4
Stealth        | 1 |  1.4
Shields        | 1 |  1.4
Unarmed Combat | 1 |  1.4
Evocations     | 1 |  1.4
Spellcasting   | 3 |  3.1
Conjurations   | 1 |  1.1
Hexes          | 1 |  1.1
Summonings     | 1 |  1.1
Necromancy     | 1 |  1.1
Translocations | 1 |  1.1
Transmutations | 1 |  1.1
Ice Magic      | 1 |  1.1
Air Magic      | 1 |  1.1
Earth Magic    | 1 |  1.1
Poison Magic   | 1 |  1.1
Fighting       | |  6.6
Long Blades    | |  6.6
Fire Magic     | |  5.5

Action                     |  1- 3 |  4- 6 || total
---------------------------+-------+-------++-------
  Melee: Falchion          |    93 |    20 ||   113
         Bite              |     4 |     5 ||     9
         Punch             |     1 |       ||     1
   Cast: Scorch            |    15 |     7 ||    22
 Invoke: Foxfire Swarm     |     1 |     1 ||     2
         Fiery Armour      |     1 |       ||     1
 Armour: Robe              |    23 |     3 ||    26
         Leather armour    |       |     1 ||     1
  Dodge: Dodged            |    44 |     9 ||    53

Table legend: (Time is in decaauts)
 A = Elapsed time spent in this place.
 B = Non-inter-level travel time spent in this place.
 C = Inter-level travel time spent in this place.
 D = Time resting spent in this place.
 E = Time spent auto-exploring this place.
 F = Levels seen in this place.
 G = Mean time per level.
                   A        B        C        D        E       F      G
               +--------+--------+--------+--------+--------+-----+--------+
         Total |   1704 |   1687 |     17 |    189 |   1176 |   5 |  340.8 |
       Dungeon |   1704 |   1687 |     17 |    189 |   1176 |   5 |  340.8 |
               +--------+--------+--------+--------+--------+-----+--------+

Top non-repeatable levels by time:
     D:1: 1050 daAuts
     D:4: 274 daAuts
     D:3: 223 daAuts
     D:2: 154 daAuts
     D:5: 1 daAuts
